 Dungeon Crawl Stone Soup version 0.21.1-1-g345015f (webtiles) character file.

291 Kuinu the Shield-Bearer (level 6, -4/55 HPs)
             Began as a Minotaur Fighter on July 18, 2018.
             Slain by a hound (5 damage)
             ... on level 6 of the Dungeon.
             The game lasted 00:12:25 (1915 turns).

Kuinu the Shield-Bearer (Minotaur Fighter)          Turns: 1915, Time: 00:12:26

Health: -4/55      AC:  9    Str: 22    XL:     6   Next: 10%
Magic:  5/5        EV:  7    Int:  5    God:
Gold:   157        SH: 10    Dex: 10    Spells: 5/5 levels left

rFire    . . .     SeeInvis +   y - +0 scimitar
rCold    + . .     Gourm    .   c - +0 shield
rNeg     . . .     Faith    .   b - +1 scale mail
rPois    .         Spirit   .   (helmet restricted)
rElec    .         Reflect  .   (no cloak)
rCorr    .         Harm     .   p - +0 pair of gloves
MR       .....                  (no boots)
Stlth    ..........             (no amulet)
HPRegen  0.18/turn              s - ring of see invisible
MPRegen  0.09/turn              m - ring of protection from cold

@: lethally poisoned (-4 -> -8)
A: retaliatory headbutt, horns 2
a: no special abilities


You were on level 6 of the Dungeon.
You were hungry.

You visited 1 branch of the dungeon, and saw 6 of its levels.

You collected 157 gold pieces.

Inventory:

Hand Weapons
 a - a +0 long sword
 u - a +0 falchion
 y - a +0 scimitar (weapon)
Armour
 b - a +1 scale mail (worn)
 c - a +0 shield (worn)
 i - a +0 scale mail
 p - a +0 pair of gloves (worn)
Jewellery
 m - a ring of protection from cold (right hand)
 s - a ring of see invisible (left hand)
 t - an uncursed ring of protection from magic {unknown}
 w - an uncursed ring of see invisible
Scrolls
 g - 2 scrolls of teleportation
 l - a scroll of fog {unknown}
 o - a scroll of enchant armour
 q - a scroll of immolation {unknown}
 v - a scroll of remove curse {unknown}
 x - a scroll of random uselessness {unknown}
Potions
 d - a potion of might
 e - 2 potions of flight {unknown}
 h - a potion of haste {unknown}
 j - a potion of curing {unknown}
 n - a potion of brilliance {unknown}
 r - a potion of heal wounds {unknown}
Comestibles
 f - 7 rations
 k - a chunk of flesh


   Skills:
 + Level 4.8 Fighting
 * Level 5.0 Long Blades
 + Level 5.0 Armour
 + Level 5.0 Shields


You had 5 spell levels left.
You didn't know any spells.

Dungeon Overview and Level Annotations

Branches:
Dungeon (6/15)
 Temple: D:4-7

Altars:
Trog

Annotations:
D:3 Limpidissima's ghost, amateur DrMo
D:4 Dowan; Duvessa
D:5 AnaemicDust's ghost, novice HOFi


Innate Abilities, Weirdness & Mutations

You reflexively headbutt those who attack you in melee.
You have a pair of horns on your head.


Message History

You block the hound's attack. The scorpion barely misses you.
You riposte.
You hit the scorpion.
You kill the scorpion!
Your Long Blades skill increases to level 5!
Your Armour skill increases to level 5!
You have reached level 6!
Your experience leads to an increase in your attributes!
Increase (S)trength, (I)ntelligence, or (D)exterity?
You feel stronger.
You see here an arrow.
You feel sick.
The centaur shoots an arrow.
You block the arrow.
You see here an arrow.
The centaur shoots an arrow.
The arrow hits you!
* * * LOW HITPOINT WARNING * * *
The hound bites you but does no damage.
You see here an arrow.
* * * LOW HITPOINT WARNING * * *
You feel sick. The hound bites you.
You die...

. . ##. .. .# ###.#
#####...# .#
#.....@######.#...# ...
#.....h##.........##...
#.....(#..............<
#.....o................
#.....(.....c........#
#.....†(.............#
#######..........#...#
#...(.((..)..#
#..........###


You could see a hound and an orc.

Vanquished Creatures
  A scorpion (D:6)
  A hound (D:5)
  An orc priest (D:3)
  2 orc wizards
  2 adders
  A howler monkey skeleton (D:5)
  An adder skeleton (D:4)
  2 worms
  2 dart slugs
  2 leopard geckos
  7 orcs
  9 giant cockroaches
  7 goblins
  8 hobgoblins
  4 jackals (D:2)
  4 kobolds (D:2)
  A quokka (D:3)
  2 ball pythons
  8 bats
  2 frilled lizards
  A quokka zombie (D:5)
  8 rats
76 creatures vanquished.

Notes
Turn   | Place    | Note
-------+----------+-------------------------------------------
     0 | D:1      | Kuinu the Minotaur Fighter began the quest for the Orb.
     0 | D:1      | Reached XP level 1. HP: 19/19 MP: 0/0
   104 | D:1      | Reached XP level 2. HP: 25/27 MP: 1/1
   538 | D:1      | Reached XP level 3. HP: 31/33 MP: 2/2
  1026 | D:2      | Reached XP level 4. HP: 38/40 MP: 3/3
  1467 | D:3      | Reached XP level 5. HP: 47/47 MP: 4/4
  1603 | D:3      | Noticed Limpidissima's ghost (amateur DrMo)
  1643 | D:4      | Noticed Duvessa
  1656 | D:4      | Noticed Dowan
  1744 | D:5      | Entered Level 5 of the Dungeon
  1820 | D:5      | Found a bloodstained altar of Trog.
  1826 | D:5      | Noticed AnaemicDust's ghost (novice HOFi)
  1827 | D:5      | Reached skill level 5 in Shields
  1850 | D:5      | Noticed a centaur
  1901 | D:6      | Noticed a centaur
  1911 | D:6      | Reached skill level 5 in Long Blades
  1911 | D:6      | Reached skill level 5 in Armour
  1911 | D:6      | Reached XP level 6. HP: 13/55 MP: 5/5
  1913 | D:6      | HP: 1/55 [centaur/arrow (11)]
  1915 | D:6      | Slain by a hound

Skill      XL: |  1  2  3  4  5 |
---------------+----------------+-----
Shields        | 4 5 |  5.0
Armour         | 4 5 |  5.0
Long Blades    | 3 4 5 |  5.0
Fighting       | 4 |  4.8

Action                   |  1- 3 |  4- 6 || total
-------------------------+-------+-------++-------
Melee: Long sword        |   105 |    45 ||   150
       Headbutt          |    12 |    16 ||    28
       Scimitar          |       |    29 ||    29
  Use: Scroll            |       |     5 ||     5
  Eat: Chunk             |     1 |     2 ||     3
Armor: Scale mail        |    57 |    38 ||    95
Dodge: Dodged            |    28 |    29 ||    57
Block: Shield            |    68 |    53 ||   121
       Rpst.: Long sword |     8 |     5 ||    13
       Scimitar          |       |     7 ||     7
